 Dungeon Crawl Stone Soup version 0.28-a0-2-g643f2454ad (webtiles) character file.

Game seed: 16862015799516924146

4 angelsbits the Skirmisher (level 1, 0/18 HPs)
             Began as a Demonspawn Berserker on July 22, 2021.
             Was a Follower of Trog.
             Slain by a jackal (2 damage)
             ... on level 1 of the Dungeon.
             The game lasted 00:00:10 (53 turns).

angelsbits the Skirmisher (Demonspawn Berserker)      Turns: 53, Time: 00:00:11

Health: 0/18       AC:  2    Str: 17    XL:     1   Next: 58%
Magic:  1/1        EV: 12    Int:  8    God:    Trog [*.....]
Gold:   0          SH:  0    Dex: 12    Spells: 0/0 levels left

rFire   . . .      SeeInvis .   a - +0 hand axe
rCold   . . .      Faith    .   (no shield)
rNeg    . . .      Spirit   .   b - +0 animal skin
rPois   .          Reflect  .   (no helmet)
rElec   .          Harm     .   (no cloak)
rCorr   .          Rampage  .   (no gloves)
Will    .....                   (no boots)
Stlth   +.........              (no amulet)
HPRegen 0.06/turn               (no ring)
MPRegen 0.07/turn               (no ring)

@: no status effects
A: no striking features
a: Renounce Religion, Berserk


You were on level 1 of the Dungeon.
You worshipped Trog.
Trog was aware of your devotion.
You visited 1 branch of the dungeon, and saw 1 of its levels.

Inventory:

Hand Weapons
 a - a +0 hand axe (weapon)
Armour
 b - a +0 animal skin (worn)


   Skills:
 + Level 3.1 Fighting
 + Level 2.8 Axes
 + Level 1.8 Armour
 + Level 1.8 Dodging


You couldn't memorise any spells.
You didn't know any spells.
Your spell library was empty.

Dungeon Overview and Level Annotations

Branches:
Dungeon (1/15)

Altars:


Message History

You kill the kobold!
Trog accepts your kill.
You barely miss the jackal.
A bat comes into view.
The jackal bites you.
The bat moves out of view.
The jackal misses you. The jackal bites you.
Things that are here:
a +0 short sword; 5 stones You hit the jackal but do no damage.
You hit the kobold.
You kill the kobold!
Trog accepts your kill.
The jackal bites you but does no damage.
You miss the jackal. You hit the jackal. The jackal bites you.
The jackal closely misses you. The jackal bites you. x2
You hit the jackal.
You kill the jackal!
Trog accepts your kill.
You closely miss the jackal. The jackal barely misses you.
The jackal barely misses you. The jackal closely misses you.
Things that are here:
a +0 whip; a jackal corpse The jackal bites you.
* * * LOW HITPOINT WARNING * * *
The bat barely misses you.
You closely miss the bat. You barely miss the jackal.
The bat hits you but does no damage. The bat barely misses you.
The jackal closely misses you. The jackal bites you.
* * * LOW HITPOINT WARNING * * *
The bat misses you. The jackal bites you.
* * * LOW HITPOINT WARNING * * *
Things that are here:
a +0 whip; a jackal corpse You barely miss the jackal.
The bat hits you but does no damage. The jackal closely misses you. x2
You closely miss the jackal. You hit the bat.
You kill the bat!
Trog accepts your kill. The jackal closely misses you.
You closely miss the jackal. The jackal bites you.
You die...

....# #.. ...... #.#
...#.. #.#
...#..###.##### .
.............#
..###..........#
#.......?......#
##.....†.....#
#####..h@......##
........).......#
.####.......#.#.##
#............#
.........#.#..###
##...............####
.....######.#.......#
#..... #.........###
#..#.. ##...........


You could see a jackal.

Vanquished Creatures
  A bat (D:1)
  A jackal (D:1)
  2 kobolds (D:1)
4 creatures vanquished.

Notes
Turn   | Place    | Note
-------+----------+-------------------------------------------
     0 | D:1      | angelsbits the Demonspawn Berserker began the quest for the
                  | Orb.
     0 | D:1      | Reached XP level 1. HP: 18/18 MP: 1/1
    53 | D:1      | Slain by a jackal

Illustrated notes

Levels and vault maps discovered:
D:1:      minmay_arrival_jagged, layout_rooms, serial_glass, glass_columns_b,
          glass_columns_a, bh_walls_and_bars

Action                   || total
-------------------------++-------
Melee: Hand axe          ||    10
Armor: Animal skin       ||     5
Dodge: Dodged            ||    16

Table legend: (Time is in decaauts)
 A = Elapsed time spent in this place.
 B = Non-inter-level travel time spent in this place.
 C = Inter-level travel time spent in this place.
 D = Time resting spent in this place.
 E = Time spent auto-exploring this place.
 F = Levels seen in this place.
 G = Mean time per level.
                   A        B        C        D        E       F      G
               +--------+--------+--------+--------+--------+-----+--------+
         Total |     54 |     54 |      0 |      0 |     31 |   1 |   54.0 |
       Dungeon |     54 |     54 |      0 |      0 |     31 |   1 |   54.0 |
               +--------+--------+--------+--------+--------+-----+--------+

Top non-repeatable levels by time:
     D:1: 54 daAuts
